 Dungeon Crawl Stone Soup version 0.25-a0-253-g6f1b5d974a (webtiles) character file.

Game seed: 4689254936424463767, levelgen mode: classic

165 Borgoz the Twirler (level 5, -7/32 HPs)
             Began as a Gargoyle Gladiator on Dec 5, 2019.
             Mangled by an ice beast (12 damage)
             ... on level 3 of the Dungeon.
             The game lasted 00:03:25 (1898 turns).

Borgoz the Twirler (Gargoyle Gladiator)             Turns: 1898, Time: 00:03:26

Health: -7/32      AC:  9    Str: 17    XL:     5   Next: 46%
Magic:  5/5        EV: 13    Int:  9    God:
Gold:   168        SH:  0    Dex: 12    Spells: 4/4 levels left

rFire    . . .     SeeInvis .   a - +0 quarterstaff
rCold    . . .     Gourm    .   (shield currently unavailable)
rNeg     + . .     Faith    .   b - +0 leather armour
rPois    ∞         Spirit   .   c - +0 helmet
rElec    +         Reflect  .   (no cloak)
rCorr    .         Harm     .   (no gloves)
MR       .....                  j - +0 pair of boots
Stlth    +.........             (no amulet)
HPRegen  0.10/turn              (no ring)
MPRegen  0.09/turn              (no ring)

@: no status effects
A: negative energy resistance 1, electricity resistance, unbreathing,
petrification resistance, rot immunity, AC +4
a: no special abilities


You were on level 3 of the Dungeon.
You were hungry.

You visited 1 branch of the dungeon, and saw 3 of its levels.

You collected 168 gold pieces.

Inventory:

Hand Weapons
 a - a +0 quarterstaff (weapon)
Armour
 b - a +0 leather armour (worn)
 c - a +0 helmet (worn)
 j - a +0 pair of boots (worn)
Jewellery
 k - an uncursed ring of wizardry {unknown}
Scrolls
 e - 2 scrolls of identify {unknown}
 h - 3 scrolls of fog {unknown}
 i - 2 scrolls of remove curse {unknown}
 n - a scroll of enchant weapon {unknown}
 p - a scroll of blinking {unknown}
Potions
 l - a potion of might {unknown}
 o - a potion of cancellation {unknown}
Comestibles
 f - 8 rations
 g - 4 chunks of flesh


   Skills:
 + Level 3.0 Fighting
 * Level 4.2 Staves
 - Level 1.7 Throwing
 + Level 2.1 Armour
 * Level 3.4 Dodging


You had 4 spell levels left.
You didn't know any spells.
Your spell library was empty.

Dungeon Overview and Level Annotations

Branches:
Dungeon (3/15)

Altars:


Innate Abilities, Weirdness & Mutations

You are resistant to torment.
Your stone body is resilient. (AC +4)
You are immune to poison.
You resist negative energy. (rN+)
You are resistant to electric shocks. (rElec)
You can survive without breathing.
You are immune to petrification.
You are immune to rotting.


Message History

The ice beast freezes you.
* * * LOW HITPOINT WARNING * * *
You barely miss the ice beast.
The ice beast is heavily wounded.
You are feeling hungry.
The ice beast closely misses you.
You hit the ice beast.
The ice beast is severely wounded.
The ice beast hits you but does no damage.
You feel better.
The ice beast hits you but does no damage.
You closely miss the ice beast.
The ice beast is severely wounded.
The ice beast closely misses you.
You barely miss the ice beast.
The ice beast is severely wounded.
The ice beast barely misses you. The ice beast hits you.
* * * LOW HITPOINT WARNING * * *
The ice beast freezes you!
You die...

...............
#.#####÷###.###
#.#####'#######
#.............#
#.............#
####..............
#.................
#.................
#@.....######.....
#...Y#######
#..... #.#..
##..... ....
#...... ....#
#.#.... #(...
#.#...# #....
###..))## #...#
#...<.÷..
#.#......


You could see an ice beast.

Vanquished Creatures
  A bullfrog zombie (D:3)
  Terence (D:2)
  2 adders
  2 oozes
  4 worms
  3 dart slugs (D:1)
  2 orcs (D:3)
  8 bats
  2 giant cockroaches
  6 goblins
  6 hobgoblins
  3 jackals (D:1)
  A quokka (D:3)
  2 ball pythons
  4 frilled lizards
  12 kobolds
  7 rats
66 creatures vanquished.

Notes
Turn   | Place    | Note
-------+----------+-------------------------------------------
     0 | D:1      | Borgoz the Gargoyle Gladiator began the quest for the Orb.
     0 | D:1      | Reached XP level 1. HP: 12/12 MP: 1/1
    60 | D:1      | Reached XP level 2. HP: 17/17 MP: 2/2
   191 | D:1      | Reached skill level 1 in Armour
   191 | D:1      | Reached XP level 3. HP: 22/22 MP: 3/3
  1175 | D:2      | Reached XP level 4. HP: 24/27 MP: 4/4
  1237 | D:2      | Noticed Terence
  1251 | D:2      | Killed Terence
  1574 | D:3      | Reached skill level 4 in Staves
  1705 | D:3      | Reached XP level 5. HP: 21/32 MP: 5/5
  1870 | D:3      | Noticed an ice beast
  1898 | D:3      | Mangled by an ice beast

Levels and vault maps discovered:
D:1:      minmay_arrival_doors, layout_basic, st_stairs_1,
          chequers_serial_rivers_micro_c
D:2:      layout_basic, first_ration, uniq_terence
D:3:      layout_basic, uniq_crazy_yiuf_cottage

Skill      XL: |  1  2  3  4 |
---------------+-------------+-----
Armour         | 1 2 |  2.1
Dodging        | 3 |  3.4
Staves         | 4 |  4.2
Fighting       | 3 |  3.0
Throwing       | |  1.7

Action                   |  1- 3 |  4- 6 || total
-------------------------+-------+-------++-------
Melee: Quarterstaff      |   112 |   105 ||   217
Throw: Throwing net      |       |     3 ||     3
  Use: Potion            |       |     2 ||     2
  Eat: Chunk             |     1 |     2 ||     3
Armor: Leather armour    |    46 |    57 ||   103
Dodge: Dodged            |    95 |    91 ||   186

Table legend:
 A = Non-vault XP
 B = Vault XP
 C = Vault XP percentage of total XP
 D = Non-vault monster count
 E = Vault monster count
 F = Vault count percentage of total count
                 A         B        C        D         E       F
            +---------+---------+-------+---------+---------+-------
      Total |     199 |      38 |  16.0 |      63 |       3 |   4.5
            +---------+---------+-------+---------+---------+-------
        D:1 |      58 |       2 |   3.3 |      30 |       2 |   6.2
        D:2 |      48 |      36 |  42.9 |      17 |       1 |   5.6
        D:3 |      93 |       0 |   0.0 |      16 |       0 |   0.0
            +---------+---------+-------+---------+---------+-------
